 Dungeon Crawl Stone Soup version 0.30-a0-711-gf4ac18a38d (webtiles) character file.

Game seed: 799801837412470971

301 wormed the Firebug (level 6, -2/44 HPs)
             Began as a Demonspawn Fire Elementalist on Jan 22, 2023.
             Was an Initiate of Vehumet.
             Splashed by a jelly's acid (9 damage)
             ... on level 5 of the Dungeon.
             The game lasted 00:02:51 (2086 turns).

wormed the Firebug (Demonspawn Fire Elementalist)   Turns: 2086, Time: 00:02:52

Health: -2/44      AC: -5    Str:  9    XL:     6   Next: 14%
Magic:  10/10      EV: 12    Int: 18    God:    Vehumet [......]
Gold:   150        SH:  4    Dex: 13    Spells: 5/11 levels left

rFire   + . .      SeeInvis .    k - +6 whip of Dullness {flame, rC+}
rCold   + . .      Faith    .    (no shield)
rNeg    . . .      Spirit   .    a - +0 robe
rPois   .          Reflect  .    (helmet restricted)
rElec   .          Harm     .    (no cloak)
rCorr   .          Rampage  .    e - +0 pair of gloves
Will    .....                    (no boots)
Stlth   ++                       (no amulet)
HPRegen 0.27/turn                d - ring of protection from fire
MPRegen 0.12/turn                (no ring)

@: corroded
A: antennae 2, claws 1, condensation shield, weakness stinger 1
a: Renounce Religion


You were on level 5 of the Dungeon.
You worshipped Vehumet.
Vehumet was noncommittal.
You visited 2 branches of the dungeon, and saw 5 of its levels.

You collected 150 gold pieces.

Inventory:

Hand Weapons
 c - a +3 whip
 j - a +0 dagger
 k - the +6 whip of Dullness (weapon) {flame, rC+}
   (You found it on level 2 of the Dungeon)

   rC:        It protects you from cold.
Armour
 a - a +0 robe (worn)
 e - a +0 pair of gloves (worn)
Jewellery
 d - a ring of protection from fire (left hand)
Wands
 o - a wand of charming (13)
Scrolls
 h - a scroll of brand weapon {unknown}
 i - 2 scrolls of identify {unknown}
 m - a scroll of summoning {unknown}
Potions
 b - 3 potions of magic
 f - 5 potions of flight {unknown}
 g - 2 potions of curing {unknown}
 l - a potion of lignification {unknown}
 n - a potion of brilliance {unknown}


   Skills:
 + Level 2.1 Fighting
 + Level 2.8 Dodging
 + Level 3.0 Stealth
 + Level 3.0 Spellcasting
 + Level 2.5 Conjurations
 + Level 3.5 Fire Magic


You had 5 spell levels left.
You knew the following spells:

 Your Spells              Type           Power      Damage    Failure   Level
a - Foxfire               Conj/Fire      52%        2x1d6     4%          1
b - Scorch                Fire           30%        2d7       5%          2
c - Inner Flame           Hex/Fire       9%         N/A       24%         3

Your spell library contained the following spells:

 Spells                   Type           Power      Damage    Failure   Level
 Sting                    Tmut/Pois      8%         1d3       16%         1
 Poisonous Vapours        Pois/Air       4%         N/A       24%         2
 Kindle Blastsparks       Fire/Tloc/Air  14%        2d11      30%         3
 Flame Wave               Conj/Fire      13%        2d6       43%         4
 Olgreb's Toxic Radiance  Pois           2%         N/A       85%         4


Dungeon Overview and Level Annotations

Branches:
Dungeon (5/15)             Temple (1/1) D:5

Altars:
Hepliaklqana
Kikubaaqudgha
Ru
Vehumet


Innate Abilities, Weirdness & Mutations

You have a pair of antennae on your head.
You have sharp fingernails.
A meltable shield of frost defends you. (SH +4)
You have a small tail.


Message History

You are too injured to fight recklessly!
You are too injured to fight recklessly!
You are too injured to fight recklessly!
You are too injured to fight recklessly!
You are too injured to fight recklessly!
A jelly is nearby!
A jelly is nearby!
A jelly is nearby!
You are too injured to fight recklessly!
You are too injured to fight recklessly!
You are too injured to fight recklessly!
You are too injured to fight recklessly!
You are too injured to fight recklessly!
You are too injured to fight recklessly!
You are too injured to fight recklessly!
You are too injured to fight recklessly!
You are too injured to fight recklessly!
You are too injured to fight recklessly!
You are too injured to fight recklessly!
You are too injured to fight recklessly!
You are too injured to fight recklessly!
You are too injured to fight recklessly!
You are too injured to fight recklessly!
You are too injured to fight recklessly!
You are too injured to fight recklessly!
You are too injured to fight recklessly!
You are too injured to fight recklessly!
You are too injured to fight recklessly!
You are too injured to fight recklessly!
You hit the jelly. You burn the jelly.
Your hands burn!
* * * LOW HITPOINT WARNING * * *
The jelly is severely wounded.
The jelly completely misses you.
You hit the jelly but do no damage.
Your hands burn!
* * * LOW HITPOINT WARNING * * *
The jelly is severely wounded.
The jelly hits you.
* * * LOW HITPOINT WARNING * * *
You are splashed with acid!
You die...

.. #'# ...########
..........# ##
..........##...
########
...............
#......#
.......J.......
#......# #@### #......#
..####...########.....#
.........##...###.....#
......................#
......................#
......................#
......................#
......................#
......................#


You could see a jelly.

Vanquished Creatures
  A phantom (D:5)
  A scorpion (D:5)
  An iguana (D:5)
  Terence (D:2)
  Natasha (twice) (D:2)
  A white imp (D:5)
  3 dart slugs
  4 orcs (D:5)
  A ball python (D:1)
  8 bats
  11 endoplasms
  2 giant cockroaches (D:1)
  6 goblins
  A hobgoblin (D:2)
  A kobold (D:1)
  A quokka (D:5)
  2 frilled lizards
  3 rats
50 creatures vanquished.

Vanquished Creatures (others)
  15 foxfires
15 creatures vanquished.

Grand Total: 65 creatures vanquished

Notes
Turn   | Place    | Note
-------+----------+-------------------------------------------
     0 | D:1      | wormed the Demonspawn Fire Elementalist began the quest for
                  | the Orb.
     0 | D:1      | Reached XP level 1. HP: 13/13 MP: 3/3
   113 | D:1      | Discovered your monstrous ancestry.
   113 | D:1      | Gained mutation: You have a small tail. [demonic ancestry]
   113 | D:1      | Reached XP level 2. HP: 20/20 MP: 3/5
   584 | D:1      | Gained mutation: You have a pair of small antennae on your
                  | head. [demonic ancestry]
   584 | D:1      | Reached XP level 3. HP: 25/25 MP: 6/6
   763 | D:2      | Identified the +6 whip of Dullness {flame, rC+}
   805 | D:2      | Noticed Terence
   817 | D:2      | Killed Terence
   818 | D:2      | Reached skill level 1 in Fighting
   968 | D:2      | Gained mutation: You have sharp fingernails. [demonic
                  | ancestry]
   968 | D:2      | Reached XP level 4. HP: 13/32 MP: 7/7
  1098 | D:2      | Noticed Natasha
  1114 | D:2      | Killed Natasha
  1213 | D:2      | Noticed Natasha
  1217 | D:2      | Killed Natasha
  1463 | D:2      | Learned a level 2 spell: Scorch
  1470 | D:2      | Learned a level 3 spell: Inner Flame
  1491 | D:3      | You fall into a shaft and drop 2 floors!
  1491 | D:5      | Entered Level 5 of the Dungeon
  1501 | D:5      | Noticed a scorpion
  1506 | D:5      | Killed a scorpion
  1507 | D:5      | Gained mutation: A meltable shield of frost defends you.
                  | (SH +4) [demonic ancestry]
  1507 | D:5      | Reached XP level 5. HP: 38/38 MP: 1/9
  1632 | D:5      | Noticed a phantom
  1642 | D:5      | Killed a phantom
  1717 | D:5      | Gained mutation: You have a pair of antennae on your head.
                  | [demonic ancestry]
  1717 | D:5      | Reached XP level 6. HP: 41/44 MP: 10/10
  1781 | D:5      | Found a staircase to the Ecumenical Temple.
  1819 | Temple   | Entered the Ecumenical Temple
  1959 | Temple   | Became a worshipper of Vehumet
  2086 | D:5      | Splashed by a jelly's acid

Illustrated notes

Levels and vault maps discovered:
D:1:      saegor_arrival_miasma, layout_loops_ring, dk_noncrumbling_3
D:2:      layout_basic, st_stairs_14, wander_ebering_terrifying_dragon_lair,
          uniq_terence, uniq_natasha
D:3:      layout_basic, gammafunk_ghost_split, minmay_splitting_lines,
          st_stairs_11, roderic_roman_lattice, uniq_sigmund
D:5:      layout_gridville, minmay_temple_entry_trees,
          chequers_serial_rivers_large_a
Temple:   eino_wide_crystal_templ

Skill      XL: |  1  2  3  4  5 |
---------------+----------------+-----
Stealth        | 2 3 |  3.0
Dodging        | 2 |  2.8
Fighting       | 1 2 |  2.1
Fire Magic     | 3 |  3.5
Conjurations   | 2 |  2.5
Spellcasting   | 3 |  3.0

Action                     |  1- 3 |  4- 6 || total
---------------------------+-------+-------++-------
  Melee: Whip              |    73 |    56 ||   129
         Tailslap          |     8 |     7 ||    15
         Punch             |     2 |     1 ||     3
         Dagger            |     4 |       ||     4
   Cast: Foxfire           |     5 |     4 ||     9
         Inner Flame       |       |     2 ||     2
         Scorch            |       |     2 ||     2
   Stab: Sleeping          |     3 |     3 ||     6
 Armour: Robe              |    32 |    10 ||    42
  Dodge: Dodged            |    50 |    40 ||    90
  Block: Other             |       |     4 ||     4

Table legend: (Time is in decaauts)
 A = Elapsed time spent in this place.
 B = Non-inter-level travel time spent in this place.
 C = Inter-level travel time spent in this place.
 D = Time resting spent in this place.
 E = Time spent auto-exploring this place.
 F = Levels seen in this place.
 G = Mean time per level.
                   A        B        C        D        E       F      G
               +--------+--------+--------+--------+--------+-----+--------+
         Total |   2101 |   2048 |     53 |      0 |   1562 |   5 |  420.2 |
       Dungeon |   1950 |   1906 |     44 |      0 |   1427 |   4 |  487.5 |
        Temple |    150 |    141 |      9 |      0 |    135 |   1 |  150.0 |
               +--------+--------+--------+--------+--------+-----+--------+

Top non-repeatable levels by time:
     D:1: 758 daAuts
     D:2: 723 daAuts
     D:5: 453 daAuts
  Temple: 150 daAuts
     D:3: 15 daAuts
